 Dungeon Crawl Stone Soup version 0.32-a0-685-g93135e86f0 (webtiles) character file.

Game seed: 12538900581908322825

2618 javelincjr the Trooper (level 9, -4/72 HPs)
             Began as a Demonspawn Warper on Mar 11, 2024.
             Was an Initiate of Makhleb.
             Slain by an orc warrior
             ... wielding a +0 battleaxe
              (9 damage)
             ... on level 8 of the Dungeon on Mar 12, 2024.
             The game lasted 00:21:41 (6708 turns).

javelincjr the Trooper (Demonspawn Warper)          Turns: 6708, Time: 00:21:42

Health: -4/72      AC: 13    Str: 16    XL:     9   Next: 34%
Magic:  14/16      EV: 13    Int: 13    God:    Makhleb [......]
Gold:   347        SH:  0    Dex: 13    Spells: 9/17 levels left

rFire   . . .        a - +1 spear (vamp)
rCold   . . .        (no shield)
rNeg    . . .        J - +0 leather armour
rPois   .            l - +2 hat
rElec   .            n - +2 cloak
rCorr   .            g - +0 pair of gloves
SInv    .            y - +0 pair of boots
Will    .....        (no amulet)
Stlth   +            (no ring)
HPRegen 0.32/turn    (no ring)
MPRegen 0.15/turn

%: no passive effects
@: on blink cooldown
A: powered by death 2, sharp scales 2, demonic touch 1
a: Renounce Religion


You were on level 8 of the Dungeon.
You worshipped Makhleb.
Makhleb was noncommittal.
You visited 2 branches of the dungeon, and saw 9 of its levels.
You also visited: Sewer.

You collected 347 gold pieces.

Inventory:

Hand Weapons
 a - a +1 vampiric spear (weapon)
 b - a +2 orcbow of flaming
 p - a +0 trident
 r - a +0 spear
 t - a +0 sling
Missiles
 d - 12 darts of dispersal
 x - 10 boomerangs
 A - 8 poisoned darts (quivered)
 H - 3 javelins
Armour
 g - a +0 pair of gloves (worn)
 l - a +2 hat (worn)
 n - a +2 cloak (worn)
 y - a +0 pair of boots (worn)
 J - a +0 leather armour (worn)
 M - the +10 plate armour of Roed {Harm +Inv Dex-2}
   (You found it on level 5 of the Dungeon)

   Dex-2:     It affects your dexterity (-2).
   +Inv:      It lets you turn invisible.
   Harm:      It increases damage dealt and taken.
Jewellery
 f - a ring of fire
Scrolls
 c - a scroll of blinking
 e - 2 scrolls of silence {unknown}
 h - a scroll of fear {unknown}
 j - 5 scrolls of teleportation
 m - a scroll of immolation {unknown}
 o - 2 scrolls of butterflies {unknown}
 u - 2 scrolls of amnesia {unknown}
 w - a scroll of revelation {unknown}
 z - 2 scrolls of enchant weapon {unknown}
 C - a scroll of torment {unknown}
 G - a scroll of acquirement {unknown}
 K - a scroll of vulnerability {unknown}
 L - 3 scrolls of identify {unknown}
 N - a scroll of noise {unknown}
Potions
 i - 2 potions of haste {unknown}
 k - 2 potions of degeneration {unknown}
 q - a potion of might {unknown}
 s - a potion of ambrosia {unknown}
 v - a potion of invisibility {unknown}
 B - 3 potions of mutation {unknown}
 D - a potion of cancellation {unknown}
 E - 2 potions of brilliance {unknown}
 F - a potion of heal wounds {unknown}
 I - 2 potions of curing {unknown}


   Skills:
 * Level 7.1 Fighting
 + Level 4.7 Polearms
 - Level 0.8 Throwing
 + Level 4.3 Armour
 + Level 4.6 Dodging
 + Level 4.7 Spellcasting
 + Level 5.1 Translocations
 + Level 1.2 Invocations


You had 9 spell levels left.
You knew the following spells:

 Your Spells              Type           Power      Damage    Failure   Level
a - Blink                 Tloc           32%        N/A       4%          2
b - Lesser Beckoning      Tloc           32%        N/A       4%          2
c - Manifold Assault      Tloc           16%        N/A       28%         4

Your spell library contained the following spells:

 Spells                   Type           Power      Damage    Failure   Level
 Teleport Other           Tloc           16%        N/A       9%          3
 Sandblast                Erth           6%         2d5       22%         1
 Call Imp                 Summ           6%         N/A       34%         2
 Sublimation of Blood     Necr           3%         N/A       34%         2
 Inner Flame              Hex/Fire       3%         N/A       56%         3
 Stone Arrow              Conj/Erth      6%         3d7       56%         3
 Vhi's Electric Charge    Tloc/Air       18%        N/A       63%         4
 Brom's Barrelling Bould  Conj/Erth      3%         2d3       92%         4
 Irradiate                Conj/Alch      1%         3d12      99%         5
 Summon Hydra             Summ           1%         N/A       100%        7
 Ignition                 Fire           1%         3d3       100%        8


Dungeon Overview and Level Annotations

Branches:
Dungeon (8/15)             Temple (1/1) D:7           Sewer (visited)
   Lair: D:8-11

Altars:
Ashenzari
Cheibriados
Dithmenos
Fedhas
Gozag
Hepliaklqana
Makhleb
Nemelex Xobeh
Okawaru
Qazlal
Ru
Sif Muna
Trog
Uskayaw
Vehumet
Wu Jian
Xom
Yredelemnul


Innate Abilities, Weirdness & Mutations

You regenerate health from kills.
You are mostly covered in razor-sharp scales. (AC +2, Slay +2)
Your touch may inflict minor irresistible damage on your foes.


Message History

You hit the orc warrior but do no damage.
The orc warrior is almost dead.
The orc warrior hits you with a +0 flail!
An orc comes into view. It is wielding a +0 dagger.
The orc hits you but does no damage. Something hits you but does no damage.
An orc priest comes into view. It is wielding a +2 heavy flail.
The orc misses you.
The orc priest shouts!
You hear a shout! x3
The orc hits you with a +0 hand axe.
An orc priest comes into view. It is wielding a +0 flail.
You hit the ogre.
You feel better.
The ogre is lightly wounded.
The ogre closely misses you.
The orc priest invokes the aid of Beogh against you.
Beogh smites you!
You hear a shout!
You hit the ogre.
You feel better.
You touch the ogre.
The ogre is moderately wounded.
An orc comes into view. It is wielding a +0 flail.
The orc priest calls upon Beogh to heal something.
You hear a shout!
You hit the ogre but do no damage.
The ogre is moderately wounded.
The ogre closely misses you.
You hit the ogre.
The ogre is heavily wounded.
The ogre hits you with a +0 giant club!!
* * * LOW HITPOINT WARNING * * *
Cast which spell? (? or * to list)
You blink. 2 orcs come into view.
An orc is wielding a +1 short sword of draining.
An orc comes into view. It is wielding a +0 short sword.
The orc priest misses you.
You hear some strange, mumbled words.
Something tries to affect you, but you resist.
The orc closely misses you.
An orc comes into view. It is wielding a +0 hand axe.
The orc warrior hits you with a +0 battleaxe!
You die...

#...###.#.......
..# #....##
#...# #.....##
#.# ##.####
##### #.###..#
### #.#...## ..#
#.).### ..#
#.)## ..#
#####ยง.# ..#
#){oO.## ###
#@oo###
#ooo.....# ##
#.oooo.....# .#
...o.ooo.....#
.#
....[#.......#
.#
.##o#####....#
.# oo ....# .#
#.o ....# ##


You could see 2 orc warriors, an ogre, 2 orc priests and 14 orcs.

Vanquished Creatures
  A steam dragon (D:8)
  A water moccasin (D:5)
  A sky beast (D:7)
  2 black bears (D:6)
  2 ogres
  A centaur (D:5)
  5 phantoms
  A kobold brigand (Sewer)
  A bullfrog (D:7)
  3 scorpions
  A jelly (D:7)
  Crazy Yiuf (D:7)
  2 bombardier beetles
  4 hounds
  A gnoll bouda (D:8)
  5 orc priests
  Jessica (D:2)
  Natasha (D:2)
  An iguana (D:5)
  2 sleepcaps
  Terence (D:2)
  9 orc wizards
  Robin (D:2)
  12 gnolls
  5 adders
  A river rat (D:4)
  2 shadow imps
  A white imp (D:8)
  6 dart slugs
  6 ribbon worms
  32 orcs
  6 endoplasms
  2 giant cockroaches
  15 goblins
  10 hobgoblins
  8 jackals
  2 quokkas
  6 ball pythons
  4 bats
  5 frilled lizards
  12 kobolds
  9 rats
192 creatures vanquished.

Notes
Turn   | Place    | Note
-------+----------+-------------------------------------------
     0 | D:1      | javelincjr the Demonspawn Warper began the quest for the
                  | Orb.
     0 | D:1      | Reached XP level 1. HP: 16/16 MP: 3/3
   116 | D:1      | Reached skill level 1 in Armour
   231 | D:1      | Gained mutation: You regenerate a little health from kills.
                  | [demonic ancestry]
   231 | D:1      | Reached XP level 2. HP: 16/22 MP: 5/5
   312 | D:1      | You fall into a shaft and drop 1 floor!
   863 | D:2      | Noticed Terence
   894 | D:3      | Gained mutation: Your touch may inflict minor irresistible
                  | damage on your foes. [demonic ancestry]
   894 | D:3      | Reached XP level 3. HP: 20/28 MP: 6/6
  1070 | D:2      | Killed Terence
  1155 | D:2      | Gained mutation: You are partially covered in razor-sharp
                  | scales. (AC +1, Slay +1) [demonic ancestry]
  1155 | D:2      | Reached XP level 4. HP: 34/34 MP: 7/7
  1286 | D:2      | Reached skill level 3 in Fighting
  1364 | D:2      | HP: 1/35 [gnoll/+0 spear (7)]
  1621 | D:2      | Noticed Robin
  1632 | D:2      | Killed Robin
  1633 | D:2      | Gained mutation: You regenerate health from kills. [demonic
                  | ancestry]
  1633 | D:2      | Reached XP level 5. HP: 21/41 MP: 8/8
  1691 | D:2      | Noticed Jessica
  1692 | D:2      | Upgraded the game from 0.32-a0-675-gdc239d62e1 to
                  | 0.32-a0-685-g93135e86f0
  1692 | D:2      | Killed Jessica
  1757 | D:2      | Noticed Natasha
  1762 | D:2      | Killed Natasha
  2305 | D:3      | Learned a level 2 spell: Blink
  2308 | D:3      | Learned a level 2 spell: Lesser Beckoning
  3080 | D:4      | Reached XP level 6. HP: 48/48 MP: 10/10
  3126 | D:4      | Found a glowing drain.
  3134 | Sewer    | Entered a sewer
  3221 | Sewer    | Reached skill level 4 in Fighting
  3661 | D:4      | Found an opulent altar of Gozag.
  4075 | D:5      | Entered Level 5 of the Dungeon
  4084 | D:5      | Gained mutation: You are mostly covered in razor-sharp
                  | scales. (AC +2, Slay +2) [demonic ancestry]
  4084 | D:5      | Reached XP level 7. HP: 53/55 MP: 11/11
  4370 | D:5      | Reached skill level 5 in Fighting
  4502 | D:5      | Reached XP level 8. HP: 30/62 MP: 13/13
  4818 | D:5      | Identified the +10 plate armour of Roed {Harm +Inv Dex-2}
  5165 | D:6      | Found a bloodstained altar of Trog.
  5188 | D:6      | Reached skill level 6 in Fighting
  5675 | D:7      | Reached XP level 9. HP: 45/71 MP: 15/15
  6010 | D:7      | Found a staircase to the Ecumenical Temple.
  6034 | Temple   | Entered the Ecumenical Temple
  6039 | Temple   | Became a worshipper of Makhleb the Destroyer
  6111 | D:7      | Found a runed translucent door.
  6112 | D:7      | Noticed Crazy Yiuf
  6284 | D:7      | Killed Crazy Yiuf
  6285 | D:7      | Reached skill level 5 in Translocations
  6293 | D:7      | Learned a level 4 spell: Manifold Assault
  6428 | D:8      | Found a sacrificial altar of Ru.
  6529 | D:8      | Reached skill level 7 in Fighting
  6529 | D:8      | Reached skill level 1 in Invocations
  6658 | D:8      | Found a hide-covered altar of Uskayaw.
  6708 | D:8      | Slain by an orc warrior

Illustrated notes

Levels and vault maps discovered:
D:1:      psy_arrival_terrarium, layout_basic
D:2:      layout_basic, grunt_decor_clamped, minmay_domino_2, uniq_terence,
          uniq_natasha, uniq_robin, uniq_jessica
D:3:      layout_loops_corners
D:4:      layout_loops_cross, nicolae_gozag_seed_capital,
          lightli_sewer_entry_pipes, minivault_4, minmay_misc_feat_columns
D:5:      minmay_evil_eye, layout_loops_ring, overflow_temple_1_default
D:6:      layout_basic, trog_ov_bears_minmay, corexii_item_surrounded_by_moat
D:7:      layout_rooms, minmay_temple_entry_gardened_gates,
          minmay_misc_feat_nine_boxes, uniq_crazy_yiuf_cottage
D:8:      layout_basic, nicolae_ru_awakened_eye, nicolae_overflow_hidden_temple,
          special_room [special_room_orc]
Temple:   minmay_freezing_vapour_temple

Skill      XL: |  1  2  3  4  5  6  7  8  9 |
---------------+----------------------------+-----
Armour         | 1 2 3 4 |  4.3
Dodging        | 2 3 4 |  4.6
Polearms       | 2 3 4 |  4.7
Translocations | 3 4 5 |  5.1
Fighting       | 3 4 5 6 7 |  7.1
Spellcasting   | 3 4 |  4.7
Invocations    | 1 |  1.2
Throwing       | |  0.8

Action                     |  1- 3 |  4- 6 |  7- 9 || total
---------------------------+-------+-------+-------++-------
  Melee: Spear             |   147 |   265 |   364 ||   776
         Touch             |     7 |    30 |    65 ||   102
         Trident           |     2 |    45 |       ||    47
   Fire: Orcbow            |       |       |     2 ||     2
   Cast: Blink             |       |       |     1 ||     1
    Use: Scroll            |       |     1 |     4 ||     5
         Potion            |       |       |     1 ||     1
   Stab: Sleeping          |       |     2 |     1 ||     3
 Armour: Leather armour    |    76 |   155 |   251 ||   482
  Dodge: Dodged            |    76 |   147 |   184 ||   407

Table legend: (Time is in decaauts)
 A = Elapsed time spent in this place.
 B = Non-inter-level travel time spent in this place.
 C = Inter-level travel time spent in this place.
 D = Time resting spent in this place.
 E = Time spent auto-exploring this place.
 F = Levels seen in this place.
 G = Mean time per level.
                   A        B        C        D        E       F      G
               +--------+--------+--------+--------+--------+-----+--------+
         Total |   6730 |   6461 |    269 |    220 |   4610 |  10 |  673.0 |
       Dungeon |   6420 |   6159 |    261 |    220 |   4435 |   8 |  802.5 |
        Temple |     10 |      2 |      8 |      0 |      0 |   1 |   10.0 |
         Sewer |    299 |    299 |      0 |      0 |    175 |   1 |  299.0 |
               +--------+--------+--------+--------+--------+-----+--------+

Top non-repeatable levels by time:
     D:2: 1153 daAuts
     D:3: 1102 daAuts
     D:5: 953 daAuts
     D:1: 800 daAuts
     D:4: 779 daAuts
     D:7: 660 daAuts
     D:6: 592 daAuts
     D:8: 377 daAuts
   Sewer: 299 daAuts
  Temple: 10 daAuts
